 Dungeon Crawl Stone Soup version 0.28.0-43-g3370ac3207 (webtiles) character file.

Game seed: 13119652015307697272

26 pkoi the Caller (level 2, -3/13 HPs)
             Began as a Spriggan Summoner on Mar 8, 2022.
             Killed from afar by Natasha (12 damage)
             ... with a puff of flame
             ... on level 2 of the Dungeon.
             The game lasted 00:02:12 (2121 turns).

pkoi the Caller (Spriggan Summoner)                 Turns: 2121, Time: 00:02:13

Health: -3/13      AC:  2    Str:  4    XL:     2   Next: 89%
Magic:  2/7        EV: 17    Int: 16    God:
Gold:   71         SH:  0    Dex: 15    Spells: 4/7 levels left

rFire   . . .      SeeInvis +   e - +0 club (flame)
rCold   . . .      Faith    .   (no shield)
rNeg    . . .      Spirit   .   a - +0 robe
rPois   .          Reflect  .   (helmet restricted)
rElec   .          Harm     .   (no cloak)
rCorr   .          Rampage  .   (gloves unavailable)
Will    .....                   (boots unavailable)
Stlth   ++........              (no amulet)
HPRegen 0.04/turn               (no ring)
MPRegen 0.10/turn               (no ring)

@: very quick
A: very small, no large weapons, unfitting armour, see invisible, speed 3
a: no special abilities


You were on level 2 of the Dungeon.
You visited 1 branch of the dungeon, and saw 2 of its levels.

You collected 71 gold pieces.

Inventory:

Hand Weapons
 e - a +0 club of flaming (weapon)
Armour
 a - a +0 robe (worn)
Scrolls
 f - 2 scrolls of identify
 h - a scroll of noise {unknown}
Potions
 b - 2 potions of attraction {unknown}
 c - 2 potions of heal wounds
 d - a potion of invisibility {unknown}
 g - a potion of degeneration {unknown}


   Skills:
 - Level 2.6 Dodging
 - Level 3.0 Stealth
 + Level 3.3 Spellcasting
 * Level 3.8 Summonings


You had 4 spell levels left.
You knew the following spells:

 Your Spells              Type           Power      Damage    Failure   Level
a - Summon Small Mammal   Summ           60%        N/A       3%          1
b - Call Imp              Summ           15%        N/A       5%          2

Your spell library contained the following spells:

 Spells                   Type           Power      Damage    Failure   Level
 Call Canine Familiar     Summ           15%        N/A       11%         3
 Summon Guardian Golem    Hex/Summ       8%         N/A       24%         3
 Summon Lightning Spire   Summ/Air       8%         N/A       63%         4


Dungeon Overview and Level Annotations

Branches:
Dungeon (2/15)

Altars:

Shops:
D:1 *

Annotations:
D:2 Natasha


Innate Abilities, Weirdness & Mutations

You are very small and have problems with some larger weapons.
You are too small for most types of armour.
You have supernaturally acute eyesight. (SInv)
You cover ground extremely quickly. (Speed+++)


Message History

Confirm with . or Enter, or press ? or * to list all spells.
A beastly little devil appears in a puff of flame.
Unknown command.
Casting: Call Imp (safe; 5% risk of failure)
Confirm with . or Enter, or press ? or * to list all spells.
Natasha claws your crimson imp.
Your crimson imp hits Natasha.
What are your orders? t - Shout!
Orders for allies: a - Attack new target. r - Retreat! s - Stop attacking. g - Guard the area. f - Follow me.
Anything else - Cancel.
Gang up on whom?
Press: ? - help, Dir - move target, f - Natasha
Aim: Natasha, carrying a wand of flame (15) (lightly wounded, ally target) Attack!
Natasha casts a spell at you.
Your crimson imp easily resists.
Your crimson imp hits Natasha.
Natasha claws your crimson imp!
Your quokka barely misses Natasha.
Your crimson imp hits Natasha but does no damage.
Your quokka bites Natasha.
Natasha claws your crimson imp.
Your crimson imp dies!
Your crimson imp disappears in a puff of smoke!
Casting: Summon Small Mammal (safe; 3% risk of failure)
Confirm with . or Enter, or press ? or * to list all spells.
A beastly little devil appears in a puff of flame.
Your quokka misses Natasha.
Unknown command.
You hit Natasha but do no damage.
Natasha is moderately wounded.
Your quokka bites Natasha but does no damage.
Natasha wildly gestures.
Natasha shimmers violently.
Natasha barely misses you.
Your quokka barely misses Natasha.
Your crimson imp hits Natasha but does no damage.
The endoplasm hits your quokka.
Natasha zaps a wand.
The puff of flame hits you!
Ouch! That really hurt!
You die...

#..# #.#
#.############ ##..#
#.# #.# #...# #.# #.#
#.<.# #.# #.# ##...#
#.# #.# .....#
#######.###.#
##...................#
.......###....##.#####
##.##..# . #@#
#...#..# .....Jh§#
..#....# .....§r5# #.
.##.# ........# ## ##
##...##.# #.#. #.#
#.## #.# .# ..#


You could see Natasha (ally target), an endoplasm (ally target), a friendly
crimson imp (summoned) and a friendly quokka (summoned).

Vanquished Creatures
  A ball python (D:1)
  A bat (D:1)
  A quokka (D:2)
  A rat (D:2)
4 creatures vanquished.

Vanquished Creatures (collateral kills)
  An adder (D:2)
  2 bats
  2 endoplasms (D:1)
  A goblin (D:1)
  A hobgoblin (D:1)
  2 ball pythons
  3 frilled lizards
  A rat (D:2)
13 creatures vanquished.

Grand Total: 17 creatures vanquished

Notes
Turn   | Place    | Note
-------+----------+-------------------------------------------
     0 | D:1      | pkoi the Spriggan Summoner began the quest for the Orb.
     0 | D:1      | Reached XP level 1. HP: 9/9 MP: 5/5
   540 | D:1      | Found Xejeluarr's General Store.
   797 | D:1      | Reached XP level 2. HP: 5/13 MP: 4/7
  1013 | D:1      | Found a faded altar of an unknown god.
  1077 | D:1      | Learned a level 2 spell: Call Imp
  1340 | D:2      | Noticed Natasha
  2121 | D:2      | Killed from afar by Natasha

Illustrated notes

Levels and vault maps discovered:
D:1:      lightli_arrival_boilingwater, layout_basic,
          ebering_ecumenical_altar_rust, serial_shops, shop,
          minmay_stone_trees_medium
D:2:      layout_loops_ring, kennysheep_flooded_box, uniq_natasha

Skill      XL: |  1 |
---------------+----+-----
Spellcasting   | 3 |  3.3
Dodging        | |  2.6
Stealth        | |  3.0
Summonings     | |  3.8

Action                   || total
-------------------------++-------
Melee: Club              ||    13
 Cast: Summon Small Mamm ||    28
       Call Imp          ||     5
  Use: Scroll            ||     4
 Stab: Sleeping          ||     3
Armor: Robe              ||     2
Dodge: Dodged            ||    18
